 Dungeon Crawl Stone Soup version 0.28.0-49-g6dfe1f597d (webtiles) character file.

Game seed: 9944892845376867371

3628 101zpm the Thaumaturge (level 10, -2/60 HPs)
             Began as a Djinni Fire Elementalist on May 12, 2022.
             Killed from afar by Harold (7 damage)
             ... with a harpoon shot
             ... on level 8 of the Dungeon.
             The game lasted 00:17:36 (12303 turns).

101zpm the Thaumaturge (Djinni Fire Elementalist)  Turns: 12303, Time: 00:17:37

Health: -2/60      AC:  4    Str: 19    XL:     10   Next: 33%
Gold:   496        EV: 13    Int: 21    God:
                   SH:  0    Dex: 16

rFire   + + .      SeeInvis .   (no weapon)
rCold   . . .      Faith    .   (no shield)
rNeg    . . .      Spirit   .   f - +1 robe of the Good {rC+ Dex+2}
rPois   ∞          Reflect  .   (no helmet)
rElec   .          Harm     .   (no cloak)
rCorr   .          Rampage  .   q - +0 pair of gloves
Will    +....                   (boots unavailable)
Stlth   +.........              (no amulet)
HPRegen 0.20/turn               D - +6 ring of strength
MPRegen 0.00/turn               E - +6 ring of strength

@: confused, ambrosia-drunk, flying
A: sickness immunity, fire resistance 2, cold vulnerability 1, float, innate
caster, HP casting, extra vitality 1
a: no special abilities


You were on level 8 of the Dungeon.
You visited 2 branches of the dungeon, and saw 9 of its levels.

You collected 496 gold pieces.

Inventory:

Missiles
 t - 2 throwing nets
Armour
 a - a +0 robe
 f - the +1 robe of the Good (worn) {rC+ Dex+2}
   (You found it on level 2 of the Dungeon)

   Dex:       It affects your dexterity (+2).
   rC:        It protects you from cold.
 q - a +0 pair of gloves (worn)
Jewellery
 C - a ring of ice
 D - a +6 ring of strength (left hand)
 E - a +6 ring of strength (right hand)
Wands
 m - a wand of flame (45)
 n - a wand of iceblast (5)
 o - a wand of paralysis (5)
 A - a wand of mindburst (21)
Scrolls
 d - 6 scrolls of identify {unknown}
 i - 2 scrolls of magic mapping {unknown}
 j - 2 scrolls of amnesia {unknown}
 k - a scroll of enchant armour {unknown}
 p - 2 scrolls of fear {unknown}
 s - a scroll of fog {unknown}
 u - a scroll of holy word {unknown}
 v - a scroll of acquirement {unknown}
 y - 2 scrolls of teleportation {unknown}
 F - a scroll of vulnerability {unknown}
Potions
 b - a potion of haste {unknown}
 c - 4 potions of attraction {unknown}
 e - 2 potions of curing {unknown}
 g - a potion of might {unknown}
 h - a potion of resistance {unknown}
 l - 2 potions of flight {unknown}
 r - a potion of invisibility {unknown}
 w - a potion of magic {unknown}
 x - a potion of cancellation {unknown}
 B - a potion of brilliance {unknown}


   Skills:
 + Level 2.7 Dodging
 + Level 3.5 Stealth
 + Level 10.8 Spellcasting


You had 8 spell levels left.
You knew the following spells:

 Your Spells              Type           Power      Damage    Failure   Level
a - Foxfire               Conj/Fire      100%       2x1d9     1%          1
b - Scorch                Fire           100%       2d10      1%          2
c - Conjure Flame         Conj/Fire      54%        6-21      1%          3
d - Inner Flame           Hex/Fire       54%        N/A       1%          3
e - Flame Wave            Conj/Fire      54%        2d11      1%          4
f - Freeze                Ice            100%       1d11      1%          1
g - Searing Ray           Conj           100%       2d8       1%          2
h - Wereblood             Tmut           54%        N/A       1%          2
i - Airstrike             Air            27%        N/A       1%          4
Your spell library was empty.

Dungeon Overview and Level Annotations

Branches:
Dungeon (8/15)             Temple (1/1) D:5
   Lair: D:8-11

Altars:
Ashenzari
Cheibriados
Dithmenos
Elyvilon
Fedhas
Kikubaaqudgha
Makhleb
Nemelex Xobeh
Qazlal
Ru
Sif Muna
Uskayaw
Vehumet
Wu Jian
Xom
Yredelemnul
Zin
The Shining One

Shops:
D:6 (   D:8 *

Portals:
Abyss: D:4

Annotations:
D:2 1 runed translucent door, Crazy Yiuf
D:4 2 transporters, dvd2's ghost, amateur OpCj
D:6 2 transporters, jaiteiro's ghost, novice HOMo
D:8 Harold


Innate Abilities, Weirdness & Mutations

You are immune to sickness and miasma.
You are immune to poison.
Your flesh is very heat resistant. (rF++)
You are vulnerable to cold. (rC-)
You float through the air rather than walking.
You learn spells naturally, not from books.
Your magical power is your life essence.
You have superior vitality. (+4 MHP)


Message History

Harold is lightly wounded.
Harold's fire resistance burns away.
Harold is engulfed in blazing flames.
Flame seeps out of Harold.
Harold throws a throwing net.
The throwing net hits you.
You become entangled in the net!
Casting: Scorch (safe; 1% risk of failure)
Confirm with . or Enter, or press ? or * to list all spells.
Flames lash Harold.
Flame seeps out of Harold.
Harold is lightly wounded.
Harold is engulfed in blazing flames.
Flame seeps out of Harold.
Harold fires a harpoon shot at you. The harpoon shot hits you!
You are yanked forward by the harpoon shot.
Casting: Scorch (safe; 1% risk of failure)
Confirm with . or Enter, or press ? or * to list all spells.
Aiming: Airstrike (dangerous; 1% risk of failure)
Press: ? - help, Dir - move target, f/p - Harold
Aim: Harold, wielding a +0 trident and wearing a +2 chain mail of fire resistance (flame, moderately wounded, inner flame, more vulnerable to fire, empty space bonus: 5/8)
The air twists around and strikes Harold!
Flame seeps out of Harold.
Harold is moderately wounded.
Harold is engulfed in blazing flames.
Flame seeps out of Harold.
Harold hits you with a +0 trident!!
* * * LOW HITPOINT WARNING * * *
Okay, then.
You are confused.
You feel invigorated.
Harold grumbles, "Just give up already, I want to go home!"
Harold closely misses you.
You closely miss Harold.
Harold is heavily wounded.
Harold hits you with a +0 trident.
* * * LOW HITPOINT WARNING * * *
Harold hits you from afar with a +0 trident!
* * * LOW HITPOINT WARNING * * *
You see here a throwing net.
You bump into the closed door.
Harold is no longer more vulnerable to fire.
Harold fires a harpoon shot at you. The harpoon shot hits you!
You die...

#...# ... ....#.....#........
###.# #+##.###....#.....#.....)..
###.###.##.#......#.....#........
...........+......#..####........
...........#......#..#.....#'##..
####'#####'#......#..#.....#..+..
.............#+####..#.....#..#..
.............'....@..#.....#..#..
.............#..@....'.....#..#..
.........(...##+###..#.....+..#..
####...PP..###...#####.....##+#))
#.P...P..#.....#...............
#.P...P..#.....'...............
#.P...P..+.....#...........[.[.
#.PPPPP..#.....#...............
#####....#'##+##......###+#(..)
####..............#...+....


You could see Harold (inner flame).

Vanquished Creatures
  Prince Ribbit (D:6)
  Grinder (D:6)
  Sigmund (D:2)
  A wraith (D:8)
  A steam dragon (D:7)
  A water moccasin (D:8)
  Duvessa (D:6)
  An orc warrior (D:6)
  A sky beast (D:8)
  A black bear (D:5)
  3 ogres
  A phantom (D:6)
  A kobold brigand (D:6)
  3 bullfrogs
  2 scorpions
  Dowan (D:6)
  6 killer bees (D:7)
  A water moccasin skeleton (D:5)
  10 wights
  3 jellies
  3 orc priests
  A centaur skeleton (D:5)
  4 hounds
  2 gnoll shamans
  4 iguanas
  2 orc wizards
  A hound zombie (D:5)
  13 gnolls
  4 adders
  A white imp (D:6)
  4 worms
  A dart slug (D:1)
  15 orcs
  6 bats
  11 endoplasms
  A giant cockroach (D:1)
  7 goblins
  6 hobgoblins
  8 jackals
  12 kobolds
  6 quokkas
  6 ball pythons
  7 frilled lizards
  5 rats
171 creatures vanquished.

Vanquished Creatures (others)
  687 foxfires
  3 toadstools (D:8)
690 creatures vanquished.

Grand Total: 861 creatures vanquished

Notes
Turn   | Place    | Note
-------+----------+-------------------------------------------
     0 | D:1      | 101zpm the Djinni Fire Elementalist began the quest for the
                  | Orb.
     0 | D:1      | Reached XP level 1. HP: 15/15 MP: 0/0
   348 | D:1      | Reached XP level 2. HP: 11/21 MP: 0/0
  1015 | D:1      | Reached skill level 3 in Spellcasting
  1173 | D:1      | Found a faded altar of an unknown god.
  1194 | D:1      | Reached XP level 3. HP: 15/25 MP: 0/0
  1194 | D:1      | Learned a level 1 spell: Freeze
  2381 | D:2      | Reached XP level 4. HP: 29/31 MP: 0/0
  2645 | D:2      | Noticed Sigmund
  2656 | D:2      | Killed Sigmund
  2657 | D:2      | Reached skill level 4 in Spellcasting
  2657 | D:2      | Reached XP level 5. HP: 19/35 MP: 0/0
  2657 | D:2      | Learned a level 2 spell: Searing Ray
  2657 | D:2      | Reached XP level 6. HP: 22/40 MP: 0/0
  2971 | D:2      | Identified the +1 robe of the Good {rC+ Dex+2}
  3348 | D:2      | Found a runed translucent door.
  3349 | D:2      | Noticed Crazy Yiuf
  3613 | D:3      | Reached skill level 5 in Spellcasting
  4573 | D:3      | You are sucked into a shaft and drop 3 floors!
  4593 | D:6      | Found Opryas's Weapon Emporium.
  4593 | D:6      | Noticed an ogre
  4596 | D:6      | Killed an ogre
  4597 | D:6      | Reached XP level 7. HP: 39/45 MP: 0/0
  4597 | D:6      | Learned a level 2 spell: Wereblood
  4654 | D:7      | Noticed a steam dragon
  4685 | D:7      | Killed a steam dragon
  4686 | D:7      | Reached skill level 6 in Spellcasting
  4998 | D:7      | Reached XP level 8. HP: 32/50 MP: 0/0
  5278 | D:7      | Reached skill level 7 in Spellcasting
  5576 | D:7      | Reached skill level 8 in Spellcasting
  6044 | D:7      | Found a shimmering altar of Xom.
  6202 | D:8      | Found Suecel's Assorted Antiques.
  6330 | D:8      | Reached XP level 9. HP: 45/55 MP: 0/0
  6330 | D:8      | Learned a level 4 spell: Airstrike
  6763 | D:8      | Found a sparkling altar of Nemelex Xobeh.
  6804 | D:8      | Reached skill level 9 in Spellcasting
  6985 | D:8      | Found a stormy altar of Qazlal.
  7271 | D:8      | Noticed Harold
  7657 | D:6      | Noticed a queen bee
  7660 | D:6      | Found a transporter.
  7661 | D:6      | Noticed jaiteiro's ghost (novice HOMo)
  7665 | D:6      | Found a transporter.
  7665 | D:6      | Noticed a hornet
  7937 | D:6      | Found a burning altar of Makhleb.
  7954 | D:6      | Noticed Grinder
  7958 | D:6      | Killed Grinder
  7966 | D:6      | Killed Prince Ribbit
  7967 | D:6      | Reached skill level 10 in Spellcasting
  7967 | D:6      | Reached XP level 10. HP: 17/60 MP: 0/0
  8543 | D:6      | Noticed Dowan
  8546 | D:6      | Noticed Duvessa
  8546 | D:6      | Killed Dowan
  8549 | D:6      | Killed Duvessa
  8655 | D:5      | Entered Level 5 of the Dungeon
  9034 | D:4      | Found a transporter.
  9116 | D:4      | Found a transporter.
  9120 | D:4      | Noticed dvd2's ghost (amateur OpCj)
  9127 | D:4      | Found the +8 demon trident "Rift" {distort, reach+}
  9434 | D:4      | Found an ornate altar of the Wu Jian Council.
  9579 | D:4      | Found a sacrificial altar of Ru.
 10275 | D:4      | Found a one-way gate to the infinite horrors of the Abyss.
 10653 | D:5      | Found a shadowy altar of Dithmenos.
 10789 | D:5      | Found a white marble altar of Elyvilon.
 10791 | D:5      | Found a staircase to the Ecumenical Temple.
 10858 | Temple   | Entered the Ecumenical Temple
 12302 | D:8      | HP: 1/60 [Harold/+0 trident (15)]
 12303 | D:8      | Killed from afar by Harold

Illustrated notes

Levels and vault maps discovered:
D:1:      dpeg_arrival_short_road, layout_loops_corners, basic_ecumenical_altar,
          minmay_cut_off
D:2:      layout_rooms, uniq_crazy_yiuf_cottage, uniq_sigmund
D:3:      layout_basic, grunt_ministairs_4, minmay_misc_feat_five
D:4:      layout_basic, kennysheep_mini_moat, nzn_wu_jian_contemplation,
          gammafunk_ghost_abyssal_escape
D:5:      layout_basic, mainiacjoe_overflow_tiny_flanked,
          nicolae_dithmenos_the_darkroom, kiku_gazebo_pond_becter,
          minmay_temple_entry_statues_fountains
D:6:      layout_basic, bloody_makhleb, serial_shops, shop_fountains,
          gammafunk_ghost_hive, uniq_prince_ribbit1, uniq_grinder, uniq_duvessa
D:7:      layout_cave_pods, lemuel_doored_altar
D:8:      layout_gridville, mainiacjoe_overflow_six_doors_small, serial_shops,
          nicolae_shop_hallway_stairs, minmay_gold_behind_fungi,
          kennysheep_flooded_box, uniq_harold
Temple:   dpeg_chambers_temple

Skill      XL: |  1  2  3  4  5  6  7  8  9 |
---------------+----------------------------+-----
Spellcasting   | 3 4 5 6 8 10 | 10.8
Stealth        | 2 3 |  3.5
Dodging        | |  2.7

Action                   |  1- 3 |  4- 6 |  7- 9 | 10-12 || total
-------------------------+-------+-------+-------+-------++-------
Melee: Unarmed           |       |       |       |     1 ||     1
 Cast: Foxfire           |    77 |   136 |   109 |   110 ||   432
       Scorch            |    17 |    22 |    16 |    15 ||    70
       Inner Flame       |       |       |    54 |    35 ||    89
       Airstrike         |       |       |     4 |     4 ||     8
  Use: Potion            |       |       |       |     1 ||     1
Armor: Robe              |     1 |     1 |       |       ||     2
Dodge: Dodged            |     9 |     7 |     2 |     2 ||    20
